 Dungeon Crawl Stone Soup version 0.30.1-1-g62c8e00024 (webtiles) character file.

Game seed: 6988037731537822417

10075 cheesebisquit the Grappler (level 11, -13/95 (111) HPs)
             Began as a Troll Fighter on July 17, 2023.
             Was a Priest of Wu Jian.
             Mangled by a chaos spawn (16 damage)
             ... summoned by a kobold demonologist
             ... on level 9 of the Dungeon.
             The game lasted 00:26:06 (7543 turns).

cheesebisquit the Grappler (Troll Fighter)          Turns: 7543, Time: 00:26:06

HP:   -13/95 (111)  AC: 11    Str: 26    XL:     11   Next: 31%
MP:   10/10         EV:  8    Int:  8    God:    Wu Jian [***...]
Gold: 1437          SH: 14    Dex:  9    Spells: 10/10 levels left

rFire   + . .        a - +8 war axe (freeze)
rCold   . . .        b - +4 kite shield
rNeg    . . .        t - +1 acid dragon scales
rPois   .            D - +0 hat
rElec   .            y - +1 cloak {Will+}
rCorr   +            (gloves unavailable)
SInv    .            (boots unavailable)
Will    +....        C - amulet of the acrobat
Stlth   +            x - ring of protection from fire
HPRegen 1.15/turn    G - ring of flight
MPRegen 0.12/turn

%: acrobat
@: flying, hasted, heavily drained, very quick
A: large, unfitting armour, claws 3, regeneration 1, shaggy fur 1, tough skin 1
a: Renounce Religion, Wall Jump, Serpent's Lash


You were on level 9 of the Dungeon.
You worshipped Wu Jian.
Wu Jian was most pleased with you.
You visited 2 branches of the dungeon, and saw 10 of its levels.
You also visited: Ossuary and Bailey.

You collected 1437 gold pieces.

Inventory:

Hand Weapons
 a - a +8 war axe of freezing (weapon)
 A - a +5 morningstar
Missiles
 e - 42 poisoned darts
 g - 16 boomerangs (quivered)
 r - 4 javelins
 F - 5 large rocks
 J - 6 datura-tipped darts
Armour
 b - a +4 kite shield (worn)
 t - +1 acid dragon scales (worn)
 y - a +1 cloak of willpower (worn)
 D - a +0 hat (worn)
 K - a +0 tower shield
 L - a +0 robe of resistance
 M - a +0 troll leather armour
Jewellery
 x - a ring of protection from fire (left claw)
 B - a ring of ice
 C - an amulet of the acrobat (around neck)
 G - a ring of flight (right claw)
Wands
 v - a wand of flame (16)
 I - a wand of paralysis (3)
 N - a wand of digging (5)
Scrolls
 h - a scroll of blinking {unknown}
 i - 2 scrolls of fear
 j - 3 scrolls of torment
 n - 2 scrolls of immolation
 o - 2 scrolls of amnesia
 p - 5 scrolls of teleportation
 q - a scroll of vulnerability {unknown}
 s - a scroll of brand weapon {unknown}
 w - a scroll of poison {unknown}
 O - a scroll of magic mapping
 P - a scroll of identify
Potions
 c - a potion of might
 d - 2 potions of haste
 f - 2 potions of cancellation
 k - 3 potions of lignification
 l - 5 potions of curing
 m - 2 potions of attraction
 u - 5 potions of flight
 z - a potion of resistance
 E - a potion of mutation
 H - a potion of heal wounds


   Skills:
 + Level 8.0 Fighting
 - Level 2.4 Dodging
 + Level 8.7 Shields
 * Level 12.8 Unarmed Combat


You had 10 spell levels left.
You didn't know any spells.
Your spell library contained the following spells:

 Spells                   Type           Power      Damage    Failure   Level
 Freeze                   Ice            0%         1d3       67%         1
 Necrotise                Necr           0%         1d4       67%         1
 Blink                    Tloc           0%         N/A       80%         2
 Lesser Beckoning         Tloc           0%         N/A       80%         2
 Momentum Strike          Conj/Tloc      0%         3d8       80%         2
 Frozen Ramparts          Ice            0%         1d1       95%         3
 Hailstorm                Conj/Ice       0%         3d3       95%         3
 Vampiric Draining        Necr           0%         2d6       95%         3
 Manifold Assault         Tloc           0%         N/A       100%        4
 Agony                    Necr           0%         N/A       100%        5
 Iskenderun's Battlesphe  Conj           0%         2d6       100%        5
 Iron Shot                Conj/Erth      0%         9d1       100%        6
 Spellforged Servitor     Conj/Summ      0%         N/A       100%        7
 Storm Form               Tmut/Air       0%         N/A       100%        7


Dungeon Overview and Level Annotations

Branches:
Dungeon (9/15)             Temple (1/1) D:5         Ossuary (visited)
 Bailey (visited)
   Lair: D:8-11         Orc: D:9-12

Altars:
Ashenzari
Cheibriados
Dithmenos
Elyvilon
Fedhas
Hepliaklqana
Kikubaaqudgha
Makhleb
Nemelex Xobeh
Okawaru
Qazlal
Ru
Sif Muna
Trog
Uskayaw
Vehumet
Wu Jian
Xom
Yredelemnul
Zin
The Shining One

Shops:
D:8 (


Innate Abilities, Weirdness & Mutations

You are too large for most types of armour.
You have claws for hands.
Your natural rate of healing is unusually fast.
You are covered in fur. (AC +1)
You have tough skin. (AC +1)


Message History

You slash the wight! You closely miss the wight.
The wight hits you but does no damage.
You block the kobold demonologist's attack.
The wight hits you with a +2 morningstar!
The wight hits you from afar with a +5 spear of freezing.
The wight freezes you. The wight barely misses you.
You slash the kobold demonologist! You freeze the kobold demonologist.
The kobold demonologist is severely wounded.
You barely miss the wight. x2; You block the wight's attack.
The kobold demonologist casts a spell.
You block the wight's attack.
The wight hits you from afar with a +0 halberd.
The wight hits you with a +0 flail!
You feel drained.
The wight hits you but does no damage. x2
The wight hits you with a +2 morningstar.
You feel drained.
The kobold demonologist hits you with a +0 dagger.
Okay, then.
As you read the scroll of fear, it crumbles to dust.
You assume a fearsome visage.
The rust devil resists with some effort.
The chaos spawn easily resists.
The wight is unaffected. x4
The kobold demonologist looks frightened!
The wight hits you with a +2 morningstar!
* * * LOW HITPOINT WARNING * * *
You block the wight's attack. x2
You feel yourself speed up. The wight barely misses you.
The wight hits you from afar with a +0 halberd.
* * * LOW HITPOINT WARNING * * *
Cornered, the kobold demonologist turns to fight!
The wight hits you from afar with a +5 spear of freezing.
* * * LOW HITPOINT WARNING * * *
You feel drained.
* * * LOW HITPOINT WARNING * * *
The wight freezes you.
* * * LOW HITPOINT WARNING * * *
You block the wight's attack. The chaos spawn gores you!
* * * LOW HITPOINT WARNING * * *
The chaos spawn freezes you!
You die...

#.....#
#.....#
#....:#
#.....#
#....:#
#4zz..#
#Kz...#
#@z...#
#.4...#
#.....#
#.....#
#.....#
#.....#
#....>#
#.....#
#.....#


You could see a rust devil (summoned), a kobold demonologist, a chaos spawn
(summoned) and 4 wights.

Vanquished Creatures
  An orc knight (Bailey)
  Pikel (D:7)
  Joseph (D:7)
  2 orange demons (D:9)
  A troll (D:8)
  5 red devils
  A hornet (D:8)
  A hellwing (D:8)
  A ynoxinul (D:9)
  Sigmund (D:3)
  2 wyverns
  A shadow (D:6)
  5 yaks (D:8)
  A steam dragon (D:8)
  An acid dragon (D:6)
  3 swamp worms (D:8)
  A water moccasin (D:6)
  6 orc warriors (Bailey)
  2 sky beasts
  3 black bears
  4 ogres
  An ice beast (D:6)
  A centaur (D:8)
  2 phantoms
  An elf zombie (Ossuary)
  4 lemures
  3 kobold brigands
  A bullfrog (D:7)
  14 wights
  11 killer bees (D:8)
  5 howler monkeys
  A centaur zombie (Ossuary)
  2 hounds (D:4)
  2 human zombies (Ossuary)
  4 quasits
  Crazy Yiuf (D:4)
  A gnoll bouda (D:4)
  5 orc priests
  2 jellies (D:5)
  A sleepcap (D:7)
  Jessica (D:2)
  3 iguanas
  Terence (D:2)
  5 orc wizards
  2 mummies (Ossuary)
  7 gnolls
  2 adders (D:3)
  A shadow imp (D:5)
  2 ufetubi
  3 worms (D:2)
  3 dart slugs
  24 orcs
  6 endoplasms
  9 goblins
  9 hobgoblins
  3 jackals (D:1)
  34 kobolds
  2 quokkas
  8 ball pythons
  3 bats
  2 frilled lizards
  3 gnoll zombies (Ossuary)
  2 goblin zombies (Ossuary)
  3 hobgoblin zombies (Ossuary)
  2 orc zombies (Ossuary)
  6 rats
252 creatures vanquished.

Notes
Turn   | Place    | Note
-------+----------+-------------------------------------------
     0 | D:1      | cheesebisquit the Troll Fighter began the quest for the
                  | Orb.
     0 | D:1      | Reached XP level 1. HP: 22/22 MP: 0/0
    24 | D:1      | Reached XP level 2. HP: 29/29 MP: 1/1
    37 | D:1      | You fall into a shaft and drop 1 floor!
   622 | D:1      | Reached XP level 3. HP: 36/36 MP: 2/2
   743 | D:2      | Noticed Terence
   889 | D:2      | Noticed Jessica
   897 | D:2      | Killed Jessica
   898 | D:2      | Reached skill level 3 in Unarmed Combat
   928 | D:2      | Found a faded altar of an unknown god.
  1004 | D:2      | Killed Terence
  1005 | D:2      | Reached XP level 4. HP: 38/45 MP: 3/3
  1022 | D:2      | Identified the +0 ring mail of the Glowing Gods {Rampage
                  | rC++ Will- Regen+}
  1437 | D:3      | Noticed Sigmund
  1449 | D:3      | Killed Sigmund
  1450 | D:3      | Reached skill level 4 in Unarmed Combat
  1450 | D:3      | Reached XP level 5. HP: 20/53 MP: 4/4
  1450 | D:3      | Reached XP level 6. HP: 23/61 MP: 5/5
  1846 | D:4      | Reached skill level 5 in Unarmed Combat
  2200 | D:4      | Found a shadowy altar of Dithmenos.
  2241 | D:4      | Found a runed translucent door.
  2242 | D:4      | Noticed Crazy Yiuf
  2460 | D:4      | Reached XP level 7. HP: 68/68 MP: 6/6
  2882 | D:4      | Killed Crazy Yiuf
  2883 | D:4      | Reached skill level 6 in Unarmed Combat
  2954 | D:5      | Entered Level 5 of the Dungeon
  3062 | D:5      | Found a staircase to the Ecumenical Temple.
  3081 | Temple   | Entered the Ecumenical Temple
  3115 | D:5      | Identified the +1 rapier of Light {vamp, rPois rF+++ Int-4
                  | Stlth+}
  3190 | D:5      | Reached XP level 8. HP: 75/79 MP: 7/7
  3386 | D:5      | Found a sand-covered staircase.
  3391 | Ossuary  | Entered an ossuary
  3404 | Ossuary  | Reached skill level 5 in Shields
  3415 | Ossuary  | Reached skill level 7 in Unarmed Combat
  3987 | D:6      | Reached skill level 5 in Fighting
  4015 | D:6      | Reached skill level 8 in Unarmed Combat
  4201 | D:6      | Reached XP level 9. HP: 84/88 MP: 8/8
  4211 | D:6      | Found a broken altar of Ashenzari.
  4287 | D:6      | Found an ornate altar of the Wu Jian Council.
  4420 | D:6      | Became a worshipper of the Wu Jian Council
  4641 | D:7      | Noticed Pikel
  4698 | D:7      | Reached skill level 9 in Unarmed Combat
  4761 | D:7      | Noticed Joseph
  4777 | D:7      | Killed Joseph
  4843 | D:7      | Killed Pikel
  4844 | D:7      | Reached skill level 10 in Unarmed Combat
  5181 | D:7      | Found a burning altar of Makhleb.
  5181 | D:7      | Noticed a blizzard demon
  5184 | D:7      | Noticed a smoke demon
  5319 | D:8      | Reached XP level 10. HP: 98/100 MP: 9/9
  5586 | D:8      | Reached * piety under Wu Jian
  5624 | D:8      | Found Deezur's Antique Weapon Shop.
  5630 | D:8      | Found a flagged portal.
  5644 | Bailey   | Entered a bailey
  5715 | Bailey   | Noticed an orc knight
  5750 | Bailey   | Killed an orc knight
  5751 | Bailey   | Reached skill level 11 in Unarmed Combat
  6032 | Bailey   | Identified the +0 robe of the Barber Surgeon {Harm +Inv rF-
                  | Stlth+}
  6277 | D:8      | Found a glowing golden altar of the Shining One.
  6390 | D:9      | Noticed an orange demon
  6390 | D:9      | Found a snail-covered altar of Cheibriados.
  6412 | D:8      | Reached ** piety under Wu Jian
  6470 | D:9      | Noticed an orange demon
  6609 | D:8      | Reached skill level 12 in Unarmed Combat
  6748 | D:8      | Reached XP level 11. HP: 102/109 MP: 10/10
  6993 | D:8      | Reached *** piety under Wu Jian
  7543 | D:9      | HP: 3/95 [chaos spawn[a kobold demonologist] (13)]
  7543 | D:9      | Mangled by a chaos spawn

Illustrated notes

Levels and vault maps discovered:
D:1:      roderic_crop_circles_arrival_small, layout_basic
D:2:      layout_rooms, dreamdust_ecumenical_altar_statues, moated_statue,
          nicolae_concentric_dashed_squares_mild, uniq_terence, uniq_jessica
D:3:      layout_basic, fountainhead, uniq_sigmund
D:4:      kennysheep_six_static_rooms, layout_cave_pods,
          nicolae_dithmenos_the_darkroom, glass_columns_b,
          uniq_crazy_yiuf_cottage
D:5:      layout_loops_ring, minmay_temple_entry_waves,
          nicolae_ossuary_entry_false_entrances
D:6:      layout_rooms, mainiacjoe_overflow_alcove_2,
          cheibrodos_ashenzari_chains, chequers_serial_rivers_small_b,
          kennysheep_cross_room
D:7:      layout_rooms, makhleb_altar_promises_db, uniq_pikel, uniq_joseph
D:8:      layout_loops_ring, tso_oasis_becter, serial_shops,
          nicolae_diamond_shop, enter_bailey_2, serial_bayou_ford_a,
          worms_lemuel
D:9:      layout_cross, cheibriados_altar_1, serial_demonic, serial_demonic_e,
          serial_demonic_b, serial_demonic_f, serial_demonic_a,
          serial_demonic_b, minmay_misc_feat_more_columns
Temple:   minmay_freezing_vapour_temple

Skill      XL: |  1  2  3  4  5  6  7  8  9 10 11 |
---------------+----------------------------------+-----
Shields        | 3 4 6 7 8 |  8.7
Unarmed Combat | 3 4 5 6 8 10 12 | 12.8
Fighting       | 3 4 5 6 7 8 |  8.0
Dodging        | |  2.4

Action                     |  1- 3 |  4- 6 |  7- 9 | 10-12 || total
---------------------------+-------+-------+-------+-------++-------
  Melee: Unarmed           |    59 |   134 |   241 |       ||   434
         War axe           |       |       |    60 |   272 ||   332
  Throw: Dart              |       |     3 |     8 |    28 ||    39
         Boomerang         |       |       |       |    75 ||    75
         Javelin           |       |       |       |     5 ||     5
         Large rock        |       |       |       |     5 ||     5
Ability: Lunge             |       |       |     5 |     7 ||    12
         Whirlwind         |       |       |       |     3 ||     3
  Evoke: Wand              |       |       |     4 |       ||     4
    Use: Potion            |     1 |     1 |     2 |     2 ||     6
         Scroll            |       |     8 |    12 |     4 ||    24
   Stab: Sleeping          |     1 |       |       |       ||     1
 Armour: Robe              |     6 |    23 |    59 |       ||    88
         Acid dragon scale |       |       |    27 |   171 ||   198
  Dodge: Dodged            |    12 |    18 |   116 |   158 ||   304
  Block: Kite shield       |    22 |    57 |   212 |   337 ||   628
